 Dungeon Crawl Stone Soup version 0.24-b1 (webtiles) character file.

Game seed: 1196363601359866487, levelgen mode: deterministic

17265 Mattoad the Bludgeoner (level 12, -10/110 HPs)
             Began as a Minotaur Berserker on Oct 13, 2019.
             Was an Elder of Trog.
             Mangled by Rupert
             ... wielding a +3 battleaxe of freezing
              (24 damage)
             ... on level 3 of the Lair of Beasts.
             The game lasted 00:55:00 (12890 turns).

Mattoad the Bludgeoner (Minotaur Berserker)        Turns: 12890, Time: 00:55:00

Health: -10/110    AC: 23    Str: 25    XL:     12   Next: 17%
Magic:  11/11      EV:  9    Int:  4    God:    Trog [****..]
Gold:   663        SH:  0    Dex: 12    Spells: 11/11 levels left

rFire    + . .     SeeInvis .   a - +2 great mace (protect)
rCold    . . .     Gourm    .   (shield currently unavailable)
rNeg     . . .     Faith    .   l - +4 plate armour
rPois    .         Spirit   .   (helmet restricted)
rElec    .         Reflect  .   f - +0 cloak
rCorr    +         Harm     .   o - +0 pair of gloves
MR       .....                  (no boots)
Stlth    ..........             u - amulet of magic regeneration
HPRegen  0.28/turn              t - ring of protection from fire
MPRegen  0.37/turn              z - ring of resist corrosion

@: berserk cooldown, starving, hasted and slowed
A: retaliatory headbutt, horns 2, mutation resistance 1
a: Berserk, Trog's Hand, Brothers in Arms, Renounce Religion


You were on level 3 of the Lair of Beasts.
You worshipped Trog.
Trog was greatly pleased with you.
You were starving.

You visited 2 branches of the dungeon, and saw 13 of its levels.
You also visited: Sewer and Bailey.

You collected 663 gold pieces.

Inventory:

Hand Weapons
 a - a +2 great mace of protection (weapon)
 n - a +1 mace of protection
 w - a +0 hand crossbow
Armour
 f - a +0 cloak (worn)
 k - a +0 buckler
 l - a +4 plate armour (worn)
 o - a +0 pair of gloves (worn)
Jewellery
 t - a ring of protection from fire (left hand)
 u - an amulet of magic regeneration (around neck)
 v - a cursed amulet of rage {unknown}
 z - a ring of resist corrosion (right hand)
Wands
 g - a wand of iceblast (5)
 p - a wand of enslavement (6)
 x - a wand of paralysis (1)
 y - a wand of acid (15)
 D - a wand of polymorph (5)
Scrolls
 b - 10 scrolls of remove curse
 i - 2 scrolls of amnesia
 m - 2 scrolls of vulnerability {unknown}
 q - 2 scrolls of teleportation
 s - 3 scrolls of fog
 E - a scroll of blinking
Potions
 e - 3 potions of brilliance
 h - 4 potions of mutation
 j - 3 potions of flight
 r - a potion of agility
 B - a potion of invisibility
Miscellaneous
 A - a sack of spiders
Comestibles
 c - 7 rations


   Skills:
 + Level 11.5 Fighting
 + Level 15.1 Maces & Flails
 + Level 13.2 Armour
 + Level 4.0 Dodging
 - Level 4.0 Shields


You had 11 spell levels left.
You didn't know any spells.
Your spell library contained the following spells:

 Spells                   Type           Power        Failure   Level  Hunger
 Animate Skeleton         Necr           N/A          99%         1    ##.....
 Apportation              Tloc           #.....       99%         1    ##.....
 Confusing Touch          Hex            #.....       99%         1    ##.....
 Magic Dart               Conj           #...         99%         1    ##.....
 Pain                     Necr           #...         99%         1    ##.....
 Summon Small Mammal      Summ           #...         99%         1    ##.....
 Blink                    Tloc           N/A          100%        2    ###....
 Call Imp                 Summ           #.......     100%        2    ###....
 Slow                     Hex            #.......     100%        2    ###....
 Conjure Flame            Conj/Fire      #.......     100%        3    ####...
 Mephitic Cloud           Conj/Pois/Air  #.......     100%        3    ####...
 Regeneration             Chrm/Necr      #.........   100%        3    ####...
 Vampiric Draining        Necr           #.........   100%        3    ####...
 Animate Dead             Necr           N/A          100%        4    #####..


Dungeon Overview and Level Annotations

Branches:
Dungeon (10/15)            Temple (0/1) D:6            Lair (3/6) D:10
  Swamp (0/4) Lair:2       Spider (0/4) Lair:2        Sewer (visited)
 Bailey (visited)
    Orc: D:9-12

Altars:
Fedhas
Gozag
Nemelex Xobeh
Okawaru
Qazlal
Uskayaw
Vehumet
Wu Jian
Xom
Yredelemnul
The Shining One

Shops:
D:9 %(

Annotations:
Lair:3 Rupert


Innate Abilities, Weirdness & Mutations

You reflexively headbutt those who attack you in melee.
You have a pair of horns on your head.
You are somewhat resistant to further mutation.


Message History

Rupert goes berserk!
Rupert rages.
You're still recovering from your berserk rage.
You feel yourself speed up.
You feel sick.
Rupert hits you with a +3 battleaxe of freezing!
Rupert freezes you.
* * * LOW HITPOINT WARNING * * *
Rupert hits you with a +3 battleaxe of freezing!
* * * LOW HITPOINT WARNING * * *
Rupert freezes you.
* * * LOW HITPOINT WARNING * * *
You feel better. Rupert hits you but does no damage.
You need to eat something NOW!
Rupert rages.
Rupert hits you with a +3 battleaxe of freezing!
* * * LOW HITPOINT WARNING * * *
Rupert freezes you.
* * * LOW HITPOINT WARNING * * *
Rupert hits you with a +3 battleaxe of freezing!!
You die...

##.... .... .... ...... .....
.... #.. ...P# #... ##... #..
##...# ##..# ...# #.. #....
...# #..# #.. #..# ##..## #..#
##..####..######....# ##..#
#...P.##P.P.#(.....########...#
#.......P...@@†.(........[....
#....).(..P..†)...............
#.#.#####P###.#####P...##P....
# ### ### ### ########.### ###


You could see Rupert (berserk).

Vanquished Creatures
  A two-headed ogre (D:9)
  Erica (D:8)
  Sonja (Lair:3)
  The ghost of flestrin the Grappler, a novice TrMo (D:5)
  Pikel (D:8)
  Maurice (D:9)
  Psyche (D:8)
  2 spiny frogs (Lair:1)
  A komodo dragon (Lair:2)
  2 jumping spiders (Lair:2)
  A queen bee (D:9)
  A blink frog (Lair:2)
  A hornet (D:10)
  5 hippogriffs
  3 redbacks (Lair:2)
  Sigmund (D:6)
  11 yaks
  2 vampire mosquitoes (D:10)
  Menkaure (D:7)
  A hungry ghost (D:9)
  A steam dragon (D:10)
  5 water moccasins
  3 porcupines (Lair:1)
  2 orc warriors
  A black bear (D:6)
  2 sky beasts
  2 slaves (D:8)
  6 ogres
  An ice beast (D:8)
  3 phantoms
  A wolf (Lair:2)
  3 centaurs
  4 big kobolds
  A crocodile (Lair:1)
  6 bullfrogs
  A scorpion (D:4)
  19 killer bees
  3 howler monkeys
  5 crimson imps
  4 quasits
  8 hounds
  Crazy Yiuf (D:2)
  8 orc priests
  2 jellies
  2 iguanas
  5 orc wizards
  13 worker ants
  A worker ant zombie (D:5)
  4 gnolls
  10 adders
  A shadow imp (D:9)
  2 river rats (D:4)
  3 worms
  2 dart slugs (D:2)
  2 leopard geckos (D:1)
  17 orcs
  3 ball pythons
  10 giant cockroaches
  11 goblins
  4 hobgoblins
  13 jackals
  7 quokkas
  6 bats
  15 frilled lizards
  A jackal skeleton (D:4)
  25 kobolds
  A leopard gecko skeleton (D:5)
  16 rats
  A plant (D:10)
306 creatures vanquished.

Vanquished Creatures (collateral kills)
  A hydra (Lair:1)
  A black mamba (Lair:2)
  2 spiny frogs (Lair:2)
  5 jumping spiders (Lair:2)
  3 blink frogs (Lair:2)
  A redback (Lair:2)
  2 yaks (Lair:2)
  3 water moccasins (Lair:2)
  3 wolves (Lair:2)
  A crocodile (Lair:2)
  Blork the orc (D:6)
  A bullfrog (Lair:2)
24 creatures vanquished.

Vanquished Creatures (others)
  A fungus (Lair:3)
1 creature vanquished.

Grand Total: 331 creatures vanquished

Notes
Turn   | Place    | Note
-------+----------+-------------------------------------------
     0 | D:1      | Mattoad the Minotaur Berserker began the quest for the Orb.
     0 | D:1      | Reached XP level 1. HP: 19/19 MP: 0/0
   114 | D:1      | Reached skill level 4 in Maces & Flails
   114 | D:1      | Reached XP level 2. HP: 5/27 MP: 1/1
   595 | D:1      | Reached XP level 3. HP: 30/33 MP: 2/2
   614 | D:1      | Reached ** piety under Trog
  1114 | D:2      | Found a runed translucent door.
  1115 | D:2      | Noticed Crazy Yiuf
  1122 | D:2      | Killed Crazy Yiuf
  1122 | D:2      | Reached XP level 4. HP: 41/41 MP: 3/3
  1238 | D:2      | Reached skill level 5 in Maces & Flails
  1301 | D:2      | Found a faded altar of an unknown god.
  2024 | D:3      | Reached *** piety under Trog
  2024 | D:3      | Reached XP level 5. HP: 42/47 MP: 4/4
  2265 | D:3      | Found a shimmering altar of Xom.
  2573 | D:4      | Reached skill level 5 in Fighting
  2573 | D:4      | Reached skill level 6 in Maces & Flails
  2751 | D:4      | Reached XP level 6. HP: 56/56 MP: 5/5
  2895 | D:4      | Found a glowing drain.
  2910 | Sewer    | Entered a sewer
  3070 | Sewer    | Found a glowing silver altar of Zin.
  3282 | D:4      | Reached skill level 7 in Maces & Flails
  3925 | D:4      | Reached XP level 7. HP: 53/62 MP: 6/6
  3939 | D:4      | Reached **** piety under Trog
  4269 | D:5      | Entered Level 5 of the Dungeon
  4269 | D:5      | Found a stormy altar of Qazlal.
  4273 | D:5      | Found a blossoming altar of Fedhas.
  4336 | D:5      | Reached skill level 8 in Maces & Flails
  4336 | D:5      | Reached skill level 5 in Armour
  4463 | D:5      | Reached XP level 8. HP: 45/70 MP: 7/7
  4510 | D:5      | Found an opulent altar of Gozag.
  4766 | D:5      | Reached skill level 9 in Maces & Flails
  4891 | D:5      | Found an ornate altar of the Wu Jian Council.
  4897 | D:5      | Found a runed translucent gate.
  4898 | D:5      | Found a runed translucent gate.
  4898 | D:5      | Found a runed translucent gate.
  4898 | D:5      | Found an opulent altar of Gozag.
  4899 | D:5      | Noticed flestrin's ghost (novice TrMo)
  5100 | D:5      | Gained mutation: You are somewhat resistant to further
                  | mutation. [potion of mutation]
  5127 | D:5      | Killed flestrin's ghost
  5127 | D:5      | Reached skill level 10 in Maces & Flails
  5405 | D:6      | Found a staircase to the Ecumenical Temple.
  5443 | D:6      | Reached XP level 9. HP: 40/79 MP: 8/8
  5515 | D:6      | Noticed Blork the orc
  5528 | D:6      | Killed Blork the orc
  5896 | D:6      | Found a basalt altar of Yredelemnul.
  6068 | D:6      | Noticed Sigmund
  6074 | D:6      | Killed Sigmund
  6074 | D:6      | Reached skill level 11 in Maces & Flails
  6537 | D:7      | Noticed Menkaure
  6567 | D:7      | Killed Menkaure
  7161 | D:8      | Reached skill level 1 in Shields
  7335 | D:8      | Noticed Erica
  7364 | D:8      | Noticed Psyche
  7367 | D:8      | Killed Erica
  7367 | D:8      | Reached skill level 12 in Maces & Flails
  7367 | D:8      | Reached XP level 10. HP: 83/89 MP: 9/9
  7372 | D:8      | Killed Psyche
  7481 | D:8      | Found a hide-covered altar of Uskayaw.
  7545 | D:8      | Noticed Pikel
  7547 | D:8      | Found a radiant altar of Vehumet.
  7563 | D:8      | Killed Pikel
  7563 | D:8      | Reached skill level 10 in Armour
  7766 | D:8      | Found a flagged portal.
  7780 | Bailey   | Entered a bailey
  8146 | D:9      | Found Zemihul's Food Emporium.
  8453 | D:9      | Reached skill level 13 in Maces & Flails
  8499 | D:9      | Found a sparkling altar of Nemelex Xobeh.
  8499 | D:9      | Noticed a two-headed ogre
  8508 | D:9      | Killed a two-headed ogre
  8655 | D:9      | Reached ***** piety under Trog
  8911 | D:9      | Found an iron altar of Okawaru.
  8926 | D:9      | Found an iron altar of Okawaru.
  9009 | D:9      | Found a glowing golden altar of the Shining One.
  9207 | D:9      | Found Zosewa's Weapon Boutique.
  9207 | D:9      | Noticed Maurice
  9216 | D:9      | Killed Maurice
  9216 | D:9      | Reached XP level 11. HP: 99/99 MP: 10/10
  9366 | D:9      | Identified a scroll of acquirement
  9405 | D:10     | Entered Level 10 of the Dungeon
  9575 | D:10     | Found a blossoming altar of Fedhas.
  9633 | D:10     | Found a staircase to the Lair.
  9728 | D:10     | Paralysed by a hornet for 2 turns
  9732 | D:10     | Reached skill level 10 in Fighting
 10047 | Lair:1   | Entered Level 1 of the Lair of Beasts
 10064 | Lair:1   | Reached skill level 14 in Maces & Flails
 10387 | Lair:1   | Noticed a four-headed hydra
 10399 | Lair:1   | Killed a four-headed hydra
 11357 | Lair:2   | Found a hole to the Spider Nest.
 11499 | Lair:2   | Received a gift from Trog
 11547 | Lair:2   | HP: 3/102 [blink frog (12)]
 11552 | Lair:2   | Reached XP level 12. HP: 6/110 MP: 11/11
 11555 | Lair:2   | HP: 2/165 [jumping spider (13)]
 11556 | Lair:2   | Reached skill level 15 in Maces & Flails
 11954 | Lair:2   | Found a staircase to the Swamp.
 12851 | Lair:3   | Noticed Sonja
 12873 | Lair:3   | Killed Sonja
 12879 | Lair:3   | Noticed Rupert
 12890 | Lair:3   | Mangled by Rupert

Skill      XL: |  1  2  3  4  5  6  7  8  9 10 11 12 |
---------------+-------------------------------------+-----
Fighting       | 4 5 6 7 8 9 11 | 11.5
Maces & Flails | 4 5 6 7 8 10 12 13 14 15 | 15.1
Armour         | 3 4 5 7 9 10 12 13 | 13.2
Dodging        | 3 4 |  4.0
Shields        | 4 |  4.0

Action                   |  1- 3 |  4- 6 |  7- 9 | 10-12 || total
-------------------------+-------+-------+-------+-------++-------
Melee: Mace              |    71 |   173 |   318 |   442 ||  1004
       Headbutt          |     5 |    28 |    59 |    90 ||   182
       Great mace        |       |       |       |    33 ||    33
Invok: Berserk           |     2 |     2 |    10 |    14 ||    28
       Trog's Hand       |       |       |     1 |     1 ||     2
       Brothers in Arms  |       |       |     1 |     4 ||     5
Evoke: Sack of spiders   |       |       |       |     3 ||     3
       Wand              |       |       |       |     2 ||     2
  Use: Scroll            |       |     6 |     4 |    10 ||    20
       Potion            |       |       |     4 |    21 ||    25
 Stab: Paralysed         |       |       |       |     7 ||     7
  Eat: Chunk             |     1 |     5 |     7 |     6 ||    19
       Ration            |       |     4 |     3 |     8 ||    15
Armor: Animal skin       |     7 |       |       |       ||     7
       Plate armour      |     5 |   144 |   213 |   415 ||   777
Dodge: Dodged            |    38 |    77 |   140 |   283 ||   538
Block: Buckler           |       |       |    16 |   114 ||   130
